[Event "Team 45 45 League T78"]
[Site "Internet Chess Club"]
[Date "2018.09.24"]
[Round "1"]
[White "Constrictor"]
[Black "Kingfisher75"]
[Result "1/2-1/2"]
[WhiteElo "1551"]
[BlackElo "1559"]
[Opening "Sicilian defense"]
[ECO "B40"]
[Time "20:01:31"]
[TimeControl "2700+45"]

1. e4 c5 2. Nf3 e6 3. g3 Nc6 4. d3 Qc7 5. Bg2 Nf6 6. O-O d6 7. Qe2 Be7 8. c3 O-O
9. Na3 a6 10. Nc2 b5 11. Ng5 e5 12. f4 Bg4 13. Nf3 Rad8 14. Ne3 d5 15. Nxg4 Nxg4
16. Bh3 Nf6 17. fxe5 Nxe5 18. Nxe5 Qxe5 19. Bf4 Qh5 20. Qxh5 Nxh5 21. e5 Nxf4
22. gxf4 f5 23. d4 b4 24. Rab1 Rc8 25. Rfc1 g5 26. fxg5 Bxg5 27. Rf1 cxd4 28.
Bxf5 Rc7 29. cxd4 Kh8 30. Rbd1 Be3+ 31. Kh1 Rcf7 32. Bh3 Rxf1+ 33. Rxf1 Rxf1+
34. Bxf1 Bxd4 35. Bg2 Bxe5 36. Bxd5 Bxb2 37. Kg2 Kg7 38. Kf3 Kf6 39. Ke4 a5 40.
Bb3 Bc3 41. h3 Kg5 42. Kd3 Kf4 43. Ba4 Kg3 44. Bd7 h5 45. Kc4 Bf6 46. Kb3 h4 47.
Ka4 Bd8 48. Be6 Kf4 49. a3 bxa3 50. Kxa3 Ke5 51. Bg4 {Game drawn by mutual
agreement} 1/2-1/2

[Event "Team 45 45 League T78"]
[Site "Internet Chess Club"]
[Date "2018.09.19"]
[Round "1"]
[White "Kingofknights"]
[Black "mongmong"]
[Result "1-0"]
[WhiteElo "1448"]
[BlackElo "1430"]
[Opening "Nimzo-Indian: 4.e3 O-O, 5.Bd3"]
[ECO "E47"]
[Time "18:32:46"]
[TimeControl "2700+45"]

1. d4 e6 2. c4 Nf6 3. Nc3 Bb4 4. e3 O-O 5. Bd3 Re8 6. Ne2 d5 7. O-O Nbd7 8. a3
Bxc3 9. Nxc3 c5 10. Qf3 cxd4 11. exd4 dxc4 12. Bxc4 Nb6 13. Bb5 Bd7 14. Bg5 Bxb5
15. Nxb5 Qd5 16. Nc7 Qxf3 17. gxf3 Nbd5 18. Nxa8 Rxa8 19. Bxf6 Nxf6 20. Rac1 Nd5
21. Rc2 Kf8 22. Rfc1 Ke7 23. Rc8 Rxc8 24. Rxc8 a5 25. Kf1 b5 26. Ke2 b4 27. a4
Nb6 28. Rc7+ Kf6 29. b3 Nd5 30. Rc5 Nc3+ 31. Ke1 {Black resigns} 1-0

[Event "Team 45 45 League T78"]
[Site "Internet Chess Club"]
[Date "2018.09.20"]
[Round "1"]
[White "ocelotl"]
[Black "Toalla"]
[Result "1-0"]
[WhiteElo "1353"]
[BlackElo "1224"]
[Opening "Queen's pawn: Yusupov-Rubinstein system"]
[ECO "A46"]
[Time "14:00:29"]
[TimeControl "2700+45"]

1. d4 Nf6 2. Nf3 e6 3. e3 c5 4. c3 Nc6 5. Nbd2 b6 6. Bd3 Bb7 7. a3 d5 8. O-O Qc7
9. Re1 Bd6 10. e4 dxe4 11. Nxe4 Nxe4 12. Bxe4 O-O 13. b4 cxd4 14. cxd4 Ne7 15.
Bxb7 Qxb7 16. Bb2 Rac8 17. Rc1 Nd5 18. Rc2 Rc7 19. Nd2 Rxc2 20. Qxc2 Rc8 21. Qb3
Nf4 22. f3 Qd5 23. Qxd5 Nxd5 24. Rc1 Rxc1+ 25. Bxc1 Nc3 26. Ne4 Ne2+ 27. Kf2
Nxc1 28. Nxd6 Nb3 29. Ke3 Kf8 30. Nc8 a5 31. Nxb6 axb4 32. axb4 Ke7 33. Kd3 Nc1+
34. Kc4 Kd6 35. b5 Kc7 36. Na4 Ne2 37. Kc5 Nf4 38. g3 Nd3+ 39. Kc4 Ne1 40. b6+
Kc6 41. f4 Nf3 42. h3 Nd2+ 43. Kb4 Ne4 44. g4 Nd6 45. Ka5 Nc4+ 46. Ka6 Nd6 47.
Nc5 g6 48. b7 Nxb7 49. Nxb7 Kd5 50. Kb5 Kxd4 51. Nd6 e5 52. fxe5 Kxe5 53. Nxf7+
Kf4 54. Kc5 Kg3 55. Ng5 h6 56. Nf7 Kxh3 57. Nxh6 Kh4 58. Kd5 Kg5 59. Ke4 Kxh6
60. Kf4 Kh7 61. Ke5 Kg7 62. Ke6 Kh6 63. Kf6 g5 64. Kf5 Kh7 65. Kxg5 Kg7 66. Kf5
Kf7 67. g5 Kg7 68. g6 Kf8 69. Kf6 Kg8 70. g7 Kh7 71. Kf7 {Black resigns} 1-0

[Event "Team 45 45 League T78"]
[Site "Internet Chess Club"]
[Date "2018.09.21"]
[Round "1"]
[White "Just-Jim"]
[Black "dabodhi"]
[Result "0-1"]
[WhiteElo "1143"]
[BlackElo "1242"]
[Opening "Réti opening"]
[ECO "A04"]
[Time "17:01:09"]
[TimeControl "2700+45"]

1. Nf3 d6 2. d4 Nf6 3. d5 e5 4. h3 Bf5 5. Nc3 c6 6. Ng5 h6 7. e4 Bh7 8. f3 hxg5
9. Bxg5 Nbd7 10. Be2 Qb6 11. Na4 Qb4+ 12. c3 Qa5 13. b4 Qc7 14. O-O Nh5 15. Bh4
Nf4 16. Bc4 b5 17. dxc6 Qxc6 18. Bb3 bxa4 19. Bxa4 Qc7 20. Bg5 Be7 21. Bxf4 exf4
22. Qd5 O-O 23. e5 Nb6 24. exd6 Bxd6 25. Qb5 Nxa4 26. Qxa4 Qxc3 27. Rab1 Qe3+
28. Kh2 Bxb1 29. Rxb1 Qe7 30. a3 Qh4 31. Qa6 Rfd8 32. Rd1 Bf8 33. Rc1 Rd2 34.
Qb7 Qg3+ 35. Kg1 Qxg2# {White checkmated} 0-1

[Event "Team 45 45 League T78"]
[Site "Internet Chess Club"]
[Date "2018.09.20"]
[Round "1"]
[White "President"]
[Black "primerpaso"]
[Result "0-1"]
[WhiteElo "1599"]
[BlackElo "1870"]
[Opening "Nimzovich-Larsen attack: classical variation"]
[ECO "A01"]
[Time "16:19:22"]
[TimeControl "2700+45"]

1. b3 d5 2. Bb2 Nf6 3. e3 g6 4. c4 c6 5. cxd5 cxd5 6. Nf3 Bg7 7. Bb5+ Nc6 8. O-O
O-O 9. Ne5 Qb6 10. Nxc6 bxc6 11. Be2 Bf5 12. Nc3 Ne4 13. Na4 Qa5 14. Bxg7 Kxg7
15. Rc1 Rfc8 16. d3 Nd6 17. Rc5 Qb4 18. Qa1+ f6 19. Qc3 Qxc3 20. Rxc3 Kf7 21.
Rfc1 Bd7 22. Nc5 Ke8 23. Nxd7 Kxd7 24. f3 e5 25. Kf2 a5 26. g4 a4 27. d4 axb3
28. axb3 exd4 29. exd4 Rab8 30. Ke3 Rb6 31. Ra1 Rc7 32. h4 Rcb7 33. Ra6 Rxb3 34.
Rxc6 Nc4+ 35. Bxc4 Rxc3+ 36. Kd2 Rxc4 37. Rxf6 Rxd4+ 38. Ke3 Rc4 39. h5 {White
resigns} 0-1

[Event "Team 45 45 League T78"]
[Site "Internet Chess Club"]
[Date "2018.09.23"]
[Round "1"]
[White "kabindra"]
[Black "ascoli"]
[Result "1-0"]
[WhiteElo "1722"]
[BlackElo "1671"]
[Opening "Caro-Kann: advance variation"]
[ECO "B12"]
[Time "11:00:28"]
[TimeControl "2700+45"]

1. e4 c6 2. d4 d5 3. e5 Bf5 4. Ne2 e6 5. Ng3 Bg6 6. h4 h6 7. h5 Bh7 8. Bd3 Bxd3
9. cxd3 Qb6 10. Be3 Qxb2 11. Nd2 Qa3 12. Qe2 Nd7 13. O-O Ne7 14. Nb3 Rc8 15. Nc5
b6 16. Nxd7 Kxd7 17. Qf3 Ke8 18. Rad1 c5 19. dxc5 bxc5 20. Qg4 Nc6 21. f4 Qb4
22. d4 cxd4 23. Bd2 Qb6 24. Rb1 Qc7 25. Rbc1 Qb6 26. Rb1 Qc7 27. Rbc1 Qd8 28.
Rfe1 f5 29. exf6 gxf6 30. Qxe6+ Be7 31. Rxc6 Rxc6 32. Qxc6+ Kf7 33. Qe6+ Kf8 34.
Nf5 Rh7 35. Nxe7 Qxe7 36. Qc8+ {Black resigns} 1-0

[Event "Team 45 45 League T78"]
[Site "Internet Chess Club"]
[Date "2018.09.24"]
[Round "1"]
[White "kllrchris"]
[Black "QuieroAprender"]
[Result "1/2-1/2"]
[WhiteElo "1625"]
[BlackElo "1709"]
[Opening "King's Indian: fianchetto, Panno variation"]
[ECO "E63"]
[Time "15:01:43"]
[TimeControl "2700+45"]

1. Nf3 Nf6 2. g3 g6 3. Bg2 Bg7 4. O-O O-O 5. c4 d6 6. d4 Nc6 7. Nc3 a6 8. e4 e5
9. d5 Ne7 10. h3 h5 11. Bg5 Nh7 12. Be3 f5 13. Qd2 Bd7 14. Bg5 Nxg5 15. Nxg5 Bh6
16. f4 Bxg5 17. fxg5 Kg7 18. h4 c5 19. dxc6 Bxc6 20. Rad1 Qb6+ 21. Qf2 Qxf2+ 22.
Rxf2 Rad8 23. b4 fxe4 24. Rxf8 Rxf8 25. b5 axb5 26. cxb5 Bd7 27. Rxd6 Bc8 28.
Nxe4 Nf5 29. Rd5 Re8 30. Nf6 Re7 31. Rc5 Nd6 32. Ne4 Nxe4 33. Bxe4 Bf5 {Game
drawn by mutual agreement} 1/2-1/2

[Event "Team 45 45 League T78"]
[Site "Internet Chess Club"]
[Date "2018.09.22"]
[Round "1"]
[White "calsal"]
[Black "Packerfan"]
[Result "1-0"]
[WhiteElo "1766"]
[BlackElo "1630"]
[Opening "Blackmar-Diemer: Euwe defense"]
[ECO "D00"]
[Time "14:45:02"]
[TimeControl "2700+45"]

1. d4 Nf6 2. Nc3 d5 3. e4 dxe4 4. f3 exf3 5. Nxf3 e6 6. Bg5 Be7 7. Bd3 Nc6 8.
O-O Nxd4 9. Kh1 Nxf3 10. Qxf3 c6 11. Rad1 Bd7 12. Ne4 O-O 13. Nxf6+ Bxf6 14. Qe4
Re8 15. Rxf6 gxf6 16. Qxh7+ Kf8 17. Qh6+ Kg8 18. Qh7+ Kf8 19. Qh8+ {Black
resigns} 1-0

[Event "Team 45 45 League T78"]
[Site "Internet Chess Club"]
[Date "2018.09.21"]
[Round "1"]
[White "Gojira"]
[Black "julesraider"]
[Result "1-0"]
[WhiteElo "1689"]
[BlackElo "1523"]
[Opening "Queen's pawn: London system"]
[ECO "A45"]
[Time "14:02:18"]
[TimeControl "2700+45"]

1. d4 Nf6 2. Bf4 g6 3. e3 Bg7 4. Be2 O-O 5. h3 d6 6. Nf3 c5 7. c3 Nbd7 8. O-O b6
9. a4 Bb7 10. Na3 Re8 11. Bh2 e5 12. dxe5 dxe5 13. Nb5 Ne4 14. Nd2 a6 15. Nxe4
axb5 16. Nd6 Re6 17. Nxb7 Qc7 18. Bxb5 Qxb7 19. Qxd7 Qxd7 20. Bxd7 Rd6 21. Rfd1
Rxd1+ 22. Rxd1 Rd8 23. Bg4 Ra8 24. Be2 Rxa4 25. Rd8+ Bf8 26. Bxe5 Ra1+ 27. Kh2
Re1 28. Bc4 b5 29. Bxb5 Rb1 30. Bd6 Rd1 31. Rxf8+ Kg7 32. Bxc5 Rd5 33. Rxf7+
Kxf7 34. Bc4 {Black resigns} 1-0

[Event "Team 45 45 League T78"]
[Site "Internet Chess Club"]
[Date "2018.09.19"]
[Round "1"]
[White "tryanything"]
[Black "MathBandit"]
[Result "1/2-1/2"]
[WhiteElo "1516"]
[BlackElo "1507"]
[Opening "French: advance, Milner-Barry gambit"]
[ECO "C02"]
[Time "19:00:23"]
[TimeControl "2700+45"]

1. e4 e6 2. d4 d5 3. e5 c5 4. c3 Nc6 5. Nf3 Qb6 6. Bd3 cxd4 7. cxd4 Bd7 8. Nc3
Nxd4 9. Nxd4 Qxd4 10. O-O a6 11. Re1 Bb4 12. Be3 Qxe5 13. Bc5 Bxc3 14. Rxe5 Bxe5
15. Qb3 Rc8 16. Bb6 Nf6 17. Re1 Bd6 18. g3 O-O 19. Bd4 Rc7 20. f4 Rfc8 21. f5
Ng4 22. fxe6 fxe6 23. Kg2 Rf8 24. h3 Nf6 25. Bxf6 Rxf6 26. g4 Bc6 27. Qd1 Rcf7
28. Rf1 Rxf1 29. Bxf1 d4+ 30. Kg1 Bc5 31. Bd3 Bb5 32. Bxb5 axb5 33. Qb3 d3+ 34.
Kg2 d2 35. Kg3 Kf8 36. Qd3 Rf2 37. Qd8+ Kf7 38. Qd7+ Kf6 39. Qd8+ Ke5 40. Qd3
{Game drawn by mutual agreement} 1/2-1/2

[Event "Team 45 45 League T78"]
[Site "Internet Chess Club"]
[Date "2018.09.22"]
[Round "1"]
[White "noblitz-oblige"]
[Black "MathBandit"]
[Result "1-0"]
[WhiteElo "1541"]
[BlackElo "1492"]
[Opening "French: exchange variation"]
[ECO "C01"]
[Time "22:20:53"]
[TimeControl "2700+45"]

1. e4 e6 2. d4 d5 3. exd5 exd5 4. Nf3 Nf6 5. h3 Be7 6. Bd3 O-O 7. O-O c5 8. dxc5
Bxc5 9. Nc3 h6 10. Bf4 Nc6 11. Qd2 Re8 12. Rfe1 Be6 13. Rad1 Rc8 14. a3 Nh5 15.
Bh2 Bd6 16. Bxd6 Qxd6 17. Be4 Nf6 18. Bxd5 Nxd5 19. Nxd5 Red8 20. Nf6+ gxf6 21.
Qxd6 Rxd6 22. Rxd6 Rd8 23. Red1 Rxd6 24. Rxd6 Kf8 25. Nd4 Nxd4 26. Rxd4 Ke7 27.
Rh4 Bf5 28. c3 Kd6 29. Rxh6 Kc5 30. Rxf6 Be6 31. Rxe6 fxe6 32. h4 Kd5 33. g4 Ke5
34. Kg2 Kf4 35. f3 e5 36. h5 Kg5 37. Kg3 a5 38. a4 Kf6 39. f4 exf4+ 40. Kxf4 Kg7
41. g5 Kf7 42. Ke5 Ke7 43. g6 Kf8 44. Kf6 Kg8 45. h6 Kh8 46. Kf7 b5 47. g7+ Kh7
48. g8=Q+ Kxh6 49. Qg6# {Black checkmated} 1-0

[Event "Team 45 45 League T78"]
[Site "Internet Chess Club"]
[Date "2018.09.22"]
[Round "1"]
[White "Chess4Him"]
[Black "chesskix"]
[Result "1-0"]
[WhiteElo "1558"]
[BlackElo "1348"]
[Opening "Queen's pawn, Mason variation"]
[ECO "D00"]
[Time "21:30:36"]
[TimeControl "2700+45"]

1. d4 d5 2. Bf4 c6 3. e3 Bf5 4. Bd3 e6 5. Bxf5 exf5 6. Qd3 g6 7. Nf3 Nd7 8. Nbd2
Bg7 9. h4 Ngf6 10. Ne5 Ne4 11. Ndf3 f6 12. Nxd7 Qxd7 13. Nd2 O-O-O 14. Nb3 b6
15. f3 Nd6 16. Qa6+ Qb7 17. Qxb7+ Nxb7 18. O-O-O Rhe8 19. Rd3 Nd6 20. Nd2 Kb7
21. Rb3 a5 22. Bxd6 Rxd6 23. c4 Rde6 24. Re1 f4 25. e4 dxe4 26. Nxe4 Kc7 27. d5
Re5 28. d6+ Kb7 29. Rd1 f5 30. d7 Rd8 31. Nd6+ Kc7 32. Nf7 Rxd7 33. Rxd7+ Kxd7
34. Nxe5+ Bxe5 35. Rxb6 Kc7 36. Ra6 Bf6 37. Ra7+ Kb6 38. Rxh7 Kc5 39. b3 Kd4 40.
Rh6 Ke3 41. h5 Bg7 42. Rxg6 Bf8 43. h6 Bc5 44. h7 Bd4 45. Rg8 Kf2 46. Kc2 Be5
47. Kd3 c5 48. h8=Q Bxh8 49. Rxh8 Kxg2 50. Ke2 Kg3 51. Rc8 Kg2 52. Rxc5 Kg3 53.
Rxf5 Kg2 54. Rxa5 Kg3 55. c5 Kh4 56. c6 {Black resigns} 1-0

[Event "Team 45 45 League T78"]
[Site "Internet Chess Club"]
[Date "2018.09.22"]
[Round "1"]
[White "OGO"]
[Black "chuckh2"]
[Result "0-1"]
[WhiteElo "1310"]
[BlackElo "1305"]
[Opening "French: classical"]
[ECO "C13"]
[Time "17:04:07"]
[TimeControl "2700+45"]

1. e4 e6 2. d4 d5 3. Nc3 Nf6 4. Bg5 Be7 5. e5 Nfd7 6. Be3 a6 7. Be2 c5 8. Nf3
Nc6 9. O-O cxd4 10. Bxd4 Qc7 11. Re1 O-O 12. Rc1 f6 13. exf6 Nxf6 14. Bf1 Bd6
15. Bxf6 Rxf6 16. h3 Bd7 17. a3 Bf4 18. Nd2 Raf8 19. g3 Be5 20. Re2 Bxg3 21.
fxg3 Qxg3+ 22. Rg2 Qe3+ 23. Kh2 Rh6 24. Rg3 Rf2+ 25. Bg2 Qxd2 26. Qg1 Qf4 27.
Rf1 Rxf1 28. Bxf1 Rg6 29. Bd3 Rxg3 30. Qxg3 Qxg3+ 31. Kxg3 e5 32. Nxd5 Nd4 33.
Be4 Kf7 34. c3 Nf5+ 35. Kf2 g6 36. Kf3 Nd6 37. h4 Nxe4 38. Kxe4 Ke6 39. Ne3 Bc6+
40. Kd3 Bb5+ 41. Ke4 Be2 42. b4 b5 43. Nc2 h6 44. Ke3 Bc4 45. Ke4 g5 46. hxg5
hxg5 47. Ne3 Be2 48. Nc2 g4 49. Ke3 Bf3 50. Ne1 e4 51. Nc2 Ke5 52. Nd4 Kd5 53.
Kf4 Kc4 {White resigns} 0-1

[Event "Team 45 45 League T78"]
[Site "Internet Chess Club"]
[Date "2018.09.23"]
[Round "1"]
[White "BrerRabbit"]
[Black "kingsrook"]
[Result "1-0"]
[WhiteElo "1353"]
[BlackElo "1133"]
[Opening "Queen's pawn, Mason variation"]
[ECO "D00"]
[Time "15:04:02"]
[TimeControl "2700+45"]

1. d4 d5 2. Bf4 Nf6 3. e3 c5 4. c3 Nc6 5. Nd2 e6 6. Ngf3 Bd6 7. Bg3 O-O 8. Bd3
c4 9. Bc2 Qc7 10. Bxd6 Qxd6 11. O-O a6 12. a4 Re8 13. b3 cxb3 14. Nxb3 b6 15.
Qe2 e5 16. dxe5 Nxe5 17. Nxe5 Rxe5 18. Nd4 Qc5 19. Rfb1 Qxc3 20. Qe1 Qc5 21. Qb4
Nd7 22. Bf5 a5 23. Qb5 Ba6 24. Qxd7 Re7 25. Qc6 Qxc6 26. Nxc6 Rc7 27. Nd4 Rb8
28. Rc1 {Black forfeits on time} 1-0

[Event "Team 45 45 League T78"]
[Site "Internet Chess Club"]
[Date "2018.09.23"]
[Round "1"]
[White "fireball"]
[Black "az2112"]
[Result "1-0"]
[WhiteElo "1590"]
[BlackElo "1505"]
[Opening "Vienna gambit"]
[ECO "C29"]
[Time "21:07:20"]
[TimeControl "2700+45"]

1. e4 e5 2. Nc3 Nf6 3. f4 d6 4. Nf3 Nbd7 5. Bc4 Be7 6. d3 O-O 7. f5 Nb6 8. Bb3
a5 9. a4 c6 10. O-O Qc7 11. d4 exd4 12. Nxd4 d5 13. Bf4 Bd6 14. Bxd6 Qxd6 15.
exd5 Nbxd5 16. Nxd5 Nxd5 17. Qf3 Nf6 18. Rad1 Qc5 19. g4 h6 20. h4 Rd8 21. c3
Bd7 22. g5 hxg5 23. hxg5 Nd5 24. f6 Be6 25. Rf2 Nc7 26. fxg7 Bxb3 27. Qh5 Kxg7
28. Qh6+ Kg8 29. g6 Qe5 30. gxf7+ Bxf7 31. Rg2+ Bg6 32. Rxg6+ Kf7 33. Qh7+ Kf8
34. Rg8# {Black checkmated} 1-0

[Event "Team 45 45 League T78"]
[Site "Internet Chess Club"]
[Date "2018.09.22"]
[Round "1"]
[White "joaoazm"]
[Black "SuperPuzzler"]
[Result "1-0"]
[WhiteElo "1526"]
[BlackElo "1320"]
[Opening "Giuoco Piano"]
[ECO "C54"]
[Time "19:30:51"]
[TimeControl "2700+45"]

1. e4 e5 2. Nf3 Nc6 3. Bc4 Bc5 4. c3 Nf6 5. d3 h6 6. b4 Bb6 7. b5 Na5 8. Nxe5
Nxc4 9. Nxc4 d6 10. O-O O-O 11. Ba3 Be6 12. Nbd2 Re8 13. Bb4 Bc5 14. Bxc5 dxc5
15. e5 Nd5 16. Ne4 Bf5 17. Qf3 Qd7 18. Nxc5 Qxb5 19. Qxd5 c6 20. Qd4 Rad8 21.
Nd6 Qb6 22. Rfb1 Qc7 23. Ncxb7 Rd7 24. Nxe8 Qc8 25. Ned6 Qf8 26. Qc4 Be6 27.
Qxc6 Re7 28. d4 Bd7 29. Qc5 Be6 30. Qxa7 Bd5 31. c4 Be6 32. a4 f6 33. d5 {Black
resigns} 1-0

[Event "Team 45 45 League T78"]
[Site "Internet Chess Club"]
[Date "2018.09.21"]
[Round "1"]
[White "smsxman"]
[Black "guyd52"]
[Result "1-0"]
[WhiteElo "1412"]
[BlackElo "1282"]
[Opening "Pirc: classical (two knights) system"]
[ECO "B06"]
[Time "08:01:15"]
[TimeControl "2700+45"]

1. e4 g6 2. Nc3 Bg7 3. d4 d6 4. Nf3 Nf6 5. Bc4 Nbd7 6. O-O O-O 7. Re1 e5 8. Bg5
Qe8 9. Bxf6 Bxf6 10. dxe5 Nxe5 11. Nxe5 Bxe5 12. Rb1 Bxc3 13. bxc3 Qe5 14. Qd2
a6 15. Bd5 c6 16. Bb3 b5 17. a4 Kg7 18. Rbd1 Rd8 19. Qd4 Be6 20. axb5 Qxd4 21.
cxd4 Bxb3 22. cxb3 axb5 23. Rc1 Rdc8 24. b4 Ra4 25. Rb1 Ra3 26. f3 Rd3 27. Red1
Rxd1+ 28. Rxd1 f6 29. Rc1 Ra8 30. Rxc6 Ra1+ 31. Kf2 Ra2+ 32. Kg3 Rb2 33. Rxd6
Rxb4 34. Rd7+ Kg8 35. f4 Rb3+ 36. Kf2 Rb2+ 37. Kg3 Rb3+ 38. Kh4 Re3 39. e5 fxe5
40. fxe5 b4 41. Kg5 b3 42. Kf6 b2 43. Rd8# {Black checkmated} 1-0

[Event "Team 45 45 League T78"]
[Site "Internet Chess Club"]
[Date "2018.09.23"]
[Round "1"]
[White "Conjurer"]
[Black "tasawyer81"]
[Result "1-0"]
[WhiteElo "1284"]
[BlackElo "1217"]
[Opening "Queen's pawn: London system"]
[ECO "A45"]
[Time "12:00:36"]
[TimeControl "2700+45"]

1. d4 Nf6 2. Bf4 g6 3. e3 Bg7 4. Nf3 O-O 5. c4 d6 6. h3 Nh5 7. Bh2 c5 8. Nc3 Qb6
9. b3 Nc6 10. Nd5 Qa5+ 11. Qd2 Qxd2+ 12. Nxd2 cxd4 13. e4 d3 14. Rd1 Be5 15. Nf3
Bxh2 16. Nxh2 Ne5 17. Bxd3 Nf4 18. Nxf4 Re8 19. O-O Kh8 20. Nd5 Nxd3 21. Rxd3
Rb8 22. Ng4 Bd7 23. Nh6 b5 24. Nxf7+ Kg7 25. Ng5 e6 26. Nc7 Rf8 27. Ngxe6+ Bxe6
28. Nxe6+ {Black resigns} 1-0

[Event "Team 45 45 League T78"]
[Site "Internet Chess Club"]
[Date "2018.09.19"]
[Round "1"]
[White "SeniorCitizen"]
[Black "PsyMar"]
[Result "1-0"]
[WhiteElo "1222"]
[BlackElo "1279"]
[Opening "Danish gambit"]
[ECO "C21"]
[Time "15:00:52"]
[TimeControl "2700+45"]

1. e4 e5 2. d4 exd4 3. c3 Nf6 4. e5 Qe7 5. Nf3 Nc6 6. Bc4 d5 7. Bb3 Nxe5 8. O-O
Nxf3+ 9. Qxf3 Be6 10. Bg5 O-O-O 11. Nd2 dxc3 12. Qxc3 Kb8 13. Qg3 h6 14. Bf4 Ne8
15. Rac1 Qd7 16. Ba4 b5 17. Bb3 Rc8 18. Nf3 Bd6 19. Ne5 Bxe5 20. Bxe5 f6 21. Bd4
Qd6 22. Qe3 Qa6 23. Rc5 g5 24. Rfc1 Rh7 25. Rc6 Qb7 26. Rxe6 Nd6 27. Rxf6 Re8
28. Qf3 Rhe7 29. h3 Nc4 30. Rf8 Nd2 31. Rxe8+ Rxe8 32. Qf7 Qc8 33. Bxa7+ Kxa7
34. Rxc7+ Qxc7 35. Qxc7+ Ka6 36. Qc6+ Ka7 37. Qxe8 {Black resigns} 1-0

[Event "Team 45 45 League T78"]
[Site "Internet Chess Club"]
[Date "2018.09.22"]
[Round "1"]
[White "Just-Jim"]
[Black "olivermx"]
[Result "1-0"]
[WhiteElo "1183"]
[BlackElo "1181"]
[Opening "Queen's pawn game, Darooha variation "]
[ECO "D02"]
[Time "13:30:41"]
[TimeControl "2700+45"]

1. Nf3 d5 2. d4 Nf6 3. h3 e6 4. a3 c5 5. dxc5 Bxc5 6. e3 O-O 7. Nc3 Nc6 8. Bd3
Bd7 9. O-O Ne7 10. Bd2 Qc7 11. e4 Bc6 12. e5 Nd7 13. Bb5 Nxe5 14. Bxc6 Nxf3+ 15.
Qxf3 Qxc6 16. Qg4 Nf5 17. Qe2 Ng3 18. Qg4 Nf5 19. Kh1 g6 20. h4 Rfe8 21. h5 Bf8
22. Ne2 Qxc2 23. Bc3 Qe4 24. Qxe4 dxe4 25. hxg6 fxg6 26. g4 Nh6 27. Rg1 Bc5 28.
Bd4 Bxd4 29. Nxd4 Rad8 30. Nb5 a6 31. Nc3 Rd4 32. Rae1 Rd2 33. Nxe4 Rxb2 34.
Nf6+ Kf7 35. Nxe8 Kxe8 36. Rxe6+ Kf7 37. Rge1 Nxg4 38. Re7+ Kg8 39. Re8+ Kg7 40.
Kg2 Nf6 41. R1e7+ Kh6 42. Rf8 Rb6 43. Rff7 Kh5 44. Rxb7 Rxb7 45. Rxb7 Ne4 46.
Rxh7+ Kg5 47. Ra7 Nc5 48. Kf3 Kf5 49. Rc7 Ne6 50. Rf7+ Kg5 51. Ke4 Nc5+ 52. Kd5
Nd3 53. f3 Nf4+ 54. Kc6 Ne6 55. Kb6 Nd8 56. Rd7 Ne6 57. Re7 Nd4 58. Kxa6 Nxf3
59. Kb5 Kh4 60. a4 Nd4+ 61. Kc4 Nf5 62. Re5 Nd6+ 63. Kc5 Nb7+ 64. Kb6 Nd6 65.
Re6 Nc4+ 66. Kc5 Nb2 67. a5 g5 68. a6 Na4+ 69. Kb4 {Black resigns} 1-0

[Event "Team 45 45 League T78"]
[Site "Internet Chess Club"]
[Date "2018.09.22"]
[Round "1"]
[White "seattleblues"]
[Black "smsxman"]
[Result "1-0"]
[WhiteElo "1341"]
[BlackElo "1407"]
[Opening "Queen's pawn"]
[ECO "A40"]
[Time "21:25:13"]
[TimeControl "2700+45"]

1. d4 e6 2. Nf3 c5 3. c3 Nc6 4. Bf4 d5 5. e3 cxd4 6. exd4 Be7 7. Bd3 a6 8. O-O
Nf6 9. h3 Bd6 10. Ne5 Bxe5 11. dxe5 Nd7 12. Re1 Qb6 13. b3 Qc7 14. Qg4 g6 15.
Qe2 Nc5 16. Bc2 Bd7 17. b4 Ne4 18. Bxe4 dxe4 19. Qxe4 Ne7 20. Qd3 Nd5 21. Bh2
O-O 22. Nd2 Rac8 23. Ne4 b5 24. Rac1 Bc6 25. Qd2 Kg7 26. Nf6 Qd8 27. Ng4 Kh8 28.
Red1 Qe7 29. a3 Rcd8 30. Qb2 Rd7 31. Bg3 Rfd8 32. Nh2 Qg5 33. Nf3 Qh6 34. Bh4
Rc8 35. Bg5 Qf8 36. Rd4 f6 37. exf6 Nxf6 38. Rf4 Rf7 39. c4 Kg8 40. Bxf6 Bxf3
41. Rxf3 Rxc4 42. Rxc4 bxc4 43. Qc3 Qc8 44. Be5 Rd7 45. Bf4 Rf7 46. Bd6 Qd7 47.
Rxf7 Qxd6 48. Qf6 Qd1+ 49. Kh2 Qd6+ 50. g3 Qd8 51. Qg7# {Black checkmated} 1-0

[Event "Team 45 45 League T78"]
[Site "Internet Chess Club"]
[Date "2018.09.26"]
[Round "1"]
[White "rkjulianjr"]
[Black "CMAlge"]
[Result "0-1"]
[WhiteElo "1289"]
[BlackElo "1269"]
[Opening "QGD: exchange, positional line"]
[ECO "D35"]
[Time "18:00:37"]
[TimeControl "2700+45"]

1. d4 d5 2. c4 e6 3. Nc3 Nf6 4. cxd5 exd5 5. Bg5 Be7 6. e3 O-O 7. Bd3 Nbd7 8.
Nge2 Re8 9. f3 Nh5 10. Bxe7 Qxe7 11. Nxd5 Qd6 12. e4 c6 13. Ndc3 Nf4 14. Nxf4
Qxf4 15. Qd2 Qxd2+ 16. Kxd2 Nf6 17. g4 b6 18. h4 Be6 19. b3 Rad8 20. Ne2 c5 21.
d5 Bc8 22. Ng3 Nd7 23. Bb5 a6 24. Bc6 g6 25. h5 Rf8 26. Bxd7 Bxd7 27. Raf1 Bb5
28. Rf2 c4 29. bxc4 Bxc4 30. Ke3 Rfe8 31. Kd4 Bb5 32. hxg6 fxg6 33. Rfh2 Re7 34.
f4 Rc8 35. d6 Rd7 36. Kd5 Bc4+ 37. Ke5 Rc5+ 38. Kf6 Rf7# {White checkmated} 0-1

[Event "Team 45 45 League T78"]
[Site "Internet Chess Club"]
[Date "2018.09.23"]
[Round "1"]
[White "vedv"]
[Black "grekor"]
[Result "0-1"]
[WhiteElo "1053"]
[BlackElo "1106"]
[Opening "Three knights game"]
[ECO "C46"]
[Time "14:00:37"]
[TimeControl "2700+45"]

1. e4 e5 2. Nf3 Nc6 3. Nc3 Bc5 4. Nxe5 Bxf2+ 5. Kxf2 Nxe5 6. Ke1 d6 7. d4 Bg4 8.
Be2 Bxe2 9. Qxe2 Ng6 10. Bd2 Qe7 11. Nd5 Qd7 12. Bb4 c6 13. Nc3 Qe7 14. Rd1 Nf4
15. Qf3 Ne6 16. d5 Ng5 17. Qg4 h6 18. Kd2 Nf6 19. Qf5 Ngxe4+ 20. Nxe4 Nxe4+ 21.
Kc1 O-O 22. dxc6 bxc6 23. Rhe1 Rae8 24. Bxd6 Nxd6 25. Rxe7 Nxf5 26. Rxe8 Rxe8
27. g4 Nh4 28. Rd7 Nf3 29. Rxa7 Re1# {White checkmated} 0-1